 Dungeon Crawl Stone Soup version 0.26-a0-52-gd53d4cd058 (webtiles) character file.

Game seed: 237070153655592168

242 MarredHen the Stinger (level 6, -5/44 HPs)
             Began as a Gnoll Venom Mage on June 6, 2020.
             Slain by a wyvern zombie (8 damage)
             ... on level 3 of the Dungeon.
             The game lasted 00:06:38 (3290 turns).

MarredHen the Stinger (Gnoll Venom Mage)            Turns: 3290, Time: 00:06:39

Health: -5/44      AC:  5    Str: 11    XL:     6   Next: 9%
Magic:  5/13       EV: 30    Int: 18    God:
Gold:   182        SH:  0    Dex: 16    Spells: 12/15 levels left

rFire    + . .     SeeInvis .   r - +0 dagger (venom)
rCold    x . .     Gourm    .   (no shield)
rNeg     . . .     Faith    .   a - +0 robe
rPois    .         Spirit   .   (no helmet)
rElec    .         Reflect  .   m - +2 cloak
rCorr    .         Harm     .   (no gloves)
MR       .....                  (no boots)
Stlth    +++.......             p - amulet of the acrobat
HPRegen  0.14/turn              c - ring of fire
MPRegen  0.13/turn              (no ring)

@: acrobat
A: distributed training, fangs 1, strong nose
a: no special abilities


You were on level 3 of the Dungeon.
You were not hungry.

You visited 1 branch of the dungeon, and saw 3 of its levels.

You collected 182 gold pieces.

Inventory:

Hand Weapons
 r - a +0 dagger of venom (weapon)
Armour
 a - a +0 robe (worn)
 m - a +2 cloak (worn)
Jewellery
 b - an uncursed amulet of reflection {unknown}
 c - a ring of fire (left hand)
 p - an amulet of the acrobat (around neck)
Scrolls
 d - a scroll of fog {unknown}
 e - 2 scrolls of teleportation
 f - a scroll of immolation {unknown}
 g - a scroll of magic mapping {unknown}
 n - 2 scrolls of enchant weapon {unknown}
 o - 2 scrolls of remove curse {unknown}
Potions
 h - 2 potions of curing
 i - a potion of berserk rage
 j - a potion of mutation
 k - a potion of lignification {unknown}
 l - 3 potions of heal wounds {unknown}
Comestibles
 q - 3 chunks of flesh


   Skills:
 + Level 1.7 Fighting
 + Level 1.7 Short Blades
 + Level 1.7 Long Blades
 + Level 1.7 Axes
 + Level 1.7 Maces & Flails
 + Level 1.7 Polearms
 + Level 1.7 Staves
 + Level 1.7 Slings
 + Level 1.7 Bows
 + Level 1.7 Crossbows
 + Level 1.7 Throwing
 + Level 1.7 Armour
 + Level 4.9 Dodging
 + Level 4.5 Stealth
 + Level 1.7 Shields
 + Level 1.7 Unarmed Combat
 + Level 5.3 Spellcasting
 + Level 1.3 Conjurations
 + Level 1.3 Hexes
 + Level 1.3 Charms
 + Level 1.3 Summonings
 + Level 1.3 Necromancy
 + Level 1.3 Translocations
 + Level 2.5 Transmutations
 + Level 1.3 Fire Magic
 + Level 1.3 Ice Magic
 + Level 1.3 Air Magic
 + Level 1.3 Earth Magic
 + Level 5.6 Poison Magic
 + Level 2.0 Invocations
 + Level 1.7 Evocations


You had 12 spell levels left.
You knew the following spells:

 Your Spells              Type           Power        Failure   Level  Hunger
a - Sting                 Tmut/Pois      ###.         2%          1    None
b - Poisonous Vapours     Pois/Air       ###...       4%          2    #......

Your spell library contained the following spells:

 Spells                   Type           Power        Failure   Level  Hunger
 Ignite Poison            Fire/Tmut/Pois ###.....     11%         3    ##.....
 Mephitic Cloud           Conj/Pois/Air  ##......     12%         3    ##.....
 Olgreb's Toxic Radiance  Pois           ####....     13%         4    ####...


Dungeon Overview and Level Annotations

Branches:
Dungeon (3/15)

Altars:


Innate Abilities, Weirdness & Mutations

Your experience applies equally to all skills.
You have very sharp teeth.
Your uncanny sense of smell can sniff out nearby items.


Message History

The wyvern zombie closely misses you.
You hit the wyvern zombie but do no damage.
The wyvern zombie is lightly damaged.
The wyvern zombie bites you.
You barely miss the wyvern zombie.
The wyvern zombie is lightly damaged.
The wyvern zombie barely misses you.
You hit the wyvern zombie.
The wyvern zombie is lightly damaged.
The wyvern zombie barely misses you.
You hit the wyvern zombie but do no damage.
The wyvern zombie is lightly damaged.
The wyvern zombie misses you. The wyvern zombie bites you!
* * * LOW HITPOINT WARNING * * *
You completely miss the wyvern zombie.
The wyvern zombie is lightly damaged.
The wyvern zombie bites you.
* * * LOW HITPOINT WARNING * * *
The wyvern zombie bites you!
You die...

∆# ######### ####### ##.#
........# #.....##.<#.#
........# #.#.........
........######.##..###.####
........##...#.##..)#..)..###
........'.......@..).........
........##...#.#.Z..##.##.###
........##...#.#........#
........##.....#..........
........##.....#......#....
........##.....'......#.####
........##.....#...#..#..
##########.....#...#..#..
##### #.....#


You could see a wyvern zombie.

Vanquished Creatures
  A crimson imp (D:3)
  An orc priest (D:3)
  2 orc wizards (D:3)
  3 adders
  A shadow imp (D:2)
  3 worms
  2 dart slugs (D:1)
  2 leopard geckos
  8 orcs
  A ball python (D:1)
  A giant cockroach (D:1)
  8 goblins
  11 hobgoblins
  2 jackals (D:2)
  3 quokkas
  6 bats
  A frilled lizard (D:2)
  7 kobolds
  2 rats (D:1)
65 creatures vanquished.

Notes
Turn   | Place    | Note
-------+----------+-------------------------------------------
     0 | D:1      | MarredHen the Gnoll Venom Mage began the quest for the Orb.
     0 | D:1      | Reached XP level 1. HP: 13/13 MP: 6/6
   144 | D:1      | Reached XP level 2. HP: 19/19 MP: 4/7
   944 | D:2      | Reached XP level 3. HP: 25/25 MP: 6/9
  1018 | D:2      | Reached skill level 5 in Spellcasting
  1235 | D:2      | Reached skill level 1 in Invocations
  1473 | D:2      | Reached skill level 1 in Fighting
  1473 | D:2      | Reached skill level 1 in Short Blades
  1473 | D:2      | Reached skill level 1 in Long Blades
  1473 | D:2      | Reached skill level 1 in Axes
  1473 | D:2      | Reached skill level 1 in Maces & Flails
  1473 | D:2      | Reached skill level 1 in Polearms
  1473 | D:2      | Reached skill level 1 in Staves
  1473 | D:2      | Reached skill level 1 in Slings
  1473 | D:2      | Reached skill level 1 in Bows
  1473 | D:2      | Reached skill level 1 in Crossbows
  1473 | D:2      | Reached skill level 1 in Throwing
  1473 | D:2      | Reached skill level 1 in Armour
  1473 | D:2      | Reached skill level 1 in Shields
  1473 | D:2      | Reached skill level 1 in Unarmed Combat
  1473 | D:2      | Reached skill level 1 in Evocations
  1485 | D:2      | Reached XP level 4. HP: 20/32 MP: 0/11
  2363 | D:3      | Reached skill level 1 in Conjurations
  2363 | D:3      | Reached skill level 1 in Hexes
  2363 | D:3      | Reached skill level 1 in Charms
  2363 | D:3      | Reached skill level 1 in Summonings
  2363 | D:3      | Reached skill level 1 in Necromancy
  2363 | D:3      | Reached skill level 1 in Translocations
  2363 | D:3      | Reached skill level 1 in Fire Magic
  2363 | D:3      | Reached skill level 1 in Ice Magic
  2363 | D:3      | Reached skill level 1 in Air Magic
  2363 | D:3      | Reached skill level 1 in Earth Magic
  2375 | D:3      | Reached XP level 5. HP: 8/37 MP: 1/12
  2914 | D:3      | Learned a level 2 spell: Poisonous Vapours
  3246 | D:3      | Reached XP level 6. HP: 15/44 MP: 6/13
  3290 | D:3      | Slain by a wyvern zombie

Illustrated notes

Levels and vault maps discovered:
D:1:      lemuel_arrival_hallway, layout_basic
D:2:      layout_basic, guppyfry_early_orc_mine
D:3:      cheibrodos_greedy_goblins, layout_basic, st_stairs_5,
          minmay_close_crescents

Skill      XL: |  1  2  3  4  5  6 |
---------------+-------------------+-----
Transmutations | 2 |  2.5
Spellcasting   | 5 |  5.3
Invocations    | 1 2 |  2.0
Fighting       | 1 |  1.7
Short Blades   | 1 |  1.7
Long Blades    | 1 |  1.7
Axes           | 1 |  1.7
Maces & Flails | 1 |  1.7
Polearms       | 1 |  1.7
Staves         | 1 |  1.7
Slings         | 1 |  1.7
Bows           | 1 |  1.7
Crossbows      | 1 |  1.7
Throwing       | 1 |  1.7
Armour         | 1 |  1.7
Shields        | 1 |  1.7
Unarmed Combat | 1 |  1.7
Evocations     | 1 |  1.7
Conjurations   | 1 |  1.3
Hexes          | 1 |  1.3
Charms         | 1 |  1.3
Summonings     | 1 |  1.3
Necromancy     | 1 |  1.3
Translocations | 1 |  1.3
Fire Magic     | 1 |  1.3
Ice Magic      | 1 |  1.3
Air Magic      | 1 |  1.3
Earth Magic    | 1 |  1.3
Dodging        | |  4.9
Stealth        | |  4.5
Poison Magic   | |  5.6

Action                   |  1- 3 |  4- 6 || total
-------------------------+-------+-------++-------
Melee: Unarmed           |    16 |    15 ||    31
       Bite              |     2 |     2 ||     4
       Dagger            |       |    21 ||    21
 Cast: Sting             |    63 |    74 ||   137
       Poisonous Vapours |       |     6 ||     6
  Use: Scroll            |     3 |     3 ||     6
  Eat: Ration            |     1 |       ||     1
       Chunk             |       |     4 ||     4
Armor: Robe              |     5 |    13 ||    18
Dodge: Dodged            |    29 |    61 ||    90

Table legend:
 A = Non-vault XP
 B = Vault XP
 C = Vault XP percentage of total XP
 D = Non-vault monster count
 E = Vault monster count
 F = Vault count percentage of total count
                 A         B        C        D         E       F
            +---------+---------+-------+---------+---------+-------
      Total |     309 |      37 |  10.7 |      54 |      11 |  16.9
            +---------+---------+-------+---------+---------+-------
        D:1 |      31 |       0 |   0.0 |      15 |       0 |   0.0
        D:2 |      56 |      17 |  23.3 |      18 |       7 |  28.0
        D:3 |     222 |      20 |   8.3 |      21 |       4 |  16.0
            +---------+---------+-------+---------+---------+-------
